 Dungeon Crawl Stone Soup version 0.27.1 (webtiles) character file.

Game seed: 16384905613977688818

1036 Malachi the Cudgeller (level 8, -4/61 HPs)
             Began as a Demonspawn Berserker on Aug 24, 2021.
             Was a Believer of Trog.
             Slain by a gnoll sergeant (11 damage)
             ... on level 5 of the Dungeon.
             The game lasted 00:05:30 (4634 turns).

Malachi the Cudgeller (Demonspawn Berserker)        Turns: 4634, Time: 00:05:31

Health: -4/61      AC:  5    Str: 19    XL:     8   Next: 3%
Magic:  8/8        EV: 15    Int: 10    God:    Trog [**....]
Gold:   315        SH:  0    Dex: 12    Spells: 7/7 levels left

rFire    . . .     SeeInvis .   i - +0 flail
rCold    . . .     Faith    .   (no shield)
rNeg     . . .     Spirit   .   e - +0 ring mail
rPois    .         Reflect  .   (no helmet)
rElec    .         Harm     .   (no cloak)
rCorr    .         Rampage  .   (no gloves)
Will     +++..                  (no boots)
Stlth    +.........             (no amulet)
HPRegen  3.20/turn              h - ring of willpower
MPRegen  0.11/turn              c - ring of flight

@: strong-willed, on berserk cooldown, flying, regenerating, slowed, very slow
A: talons 1, repulsion field 2, powered by death 2, spiny 1, claws 1, high mp 1,
evolution 1, no potion heal 1
a: Renounce Religion, Berserk, Trog's Hand


You were on level 5 of the Dungeon.
You worshipped Trog.
Trog was pleased with you.
You visited 1 branch of the dungeon, and saw 5 of its levels.

You collected 315 gold pieces.

Inventory:

Hand Weapons
 i - a +0 flail (weapon)
Missiles
 f - a throwing net
 n - 62 stones (quivered)
Armour
 e - a +0 ring mail (worn)
Jewellery
 c - a ring of flight (right claw)
 h - a ring of willpower (left claw)
 j - a ring of positive energy
Wands
 k - a wand of paralysis (8)
 o - a wand of iceblast (8)
Potions
 a - 3 potions of flight {unknown}
 b - 3 potions of attraction
 d - 2 potions of haste
 g - 2 potions of heal wounds
 l - a potion of curing
 m - a potion of magic {unknown}


   Skills:
 + Level 4.8 Fighting
 + Level 5.8 Maces & Flails
 + Level 0.7 Throwing
 + Level 4.3 Armour
 + Level 3.6 Dodging
 + Level 2.0 Stealth


You had 7 spell levels left.
You didn't know any spells.
Your spell library was empty.

Dungeon Overview and Level Annotations

Branches:
Dungeon (5/15)             Temple (0/1) D:4

Altars:
Ashenzari
Cheibriados
Okawaru
Beogh

Shops:
D:1 =


Innate Abilities, Weirdness & Mutations

You have sharp toenails.
You are surrounded by a moderate repulsion field. (EV +3)
You regenerate health from kills.
You are partially covered in sharp spines.
You have sharp fingernails.
You have an increased reservoir of magic. (+10% MP)
You evolve.
Potions are less effective at restoring your health.


Message History

Unknown command.
You are too injured to fight recklessly!
Unknown command.
You are too injured to fight recklessly!
Unknown command.
You are too injured to fight recklessly!
You hit the hound.
The hound is severely wounded.
You feel sick. The hound is struck by your spines.
The hound completely misses you.
The gnoll hits you from afar with a +0 halberd!
You are no longer berserk.
You are exhausted.
You feel yourself slow down.
You feel sick. The hound is struck by your spines.
You kill the hound!
Trog accepts your kill. The gnoll sergeant closely misses you.
Things that are here:
a +0 whip; a gnoll corpse You hit the gnoll sergeant but do no damage.
You claw the gnoll sergeant.
The gnoll sergeant is lightly wounded.
You feel sick. The gnoll hits you with a +0 halberd.
The gnoll sergeant hits you with a +0 spear!
* * * LOW HITPOINT WARNING * * *
The gnoll barely misses you. The gnoll sergeant misses you.
Your system partially rejects the healing.
You feel better. The gnoll is struck by your spines.
The gnoll hits you with a +0 halberd!
* * * LOW HITPOINT WARNING * * *
The gnoll sergeant is struck by your spines.
The gnoll sergeant misses you.
Your skin crawls.
You feel strong-willed. The gnoll hits you with a +0 halberd.
* * * LOW HITPOINT WARNING * * *
The gnoll sergeant closely misses you. The gnoll closely misses you.
The gnoll sergeant is struck by your spines.
The gnoll sergeant hits you with a +0 spear!
You die...

..............+
#.....#
..............#
#.....#
..............#
#.....#
#.............#
#.....#
#.............#
#.....#
####.##'#######
#.....##
.####.##.##...####
####....
.........#).....$.
#....
.........'@g......
#....
.........#)g......
#....
.........#........
#....
##################
#.... #####


You could see a gnoll sergeant and a gnoll.

Vanquished Creatures
  2 black bears
  A necrophage (D:4)
  A phantom (D:4)
  A bullfrog (D:4)
  2 scorpions (D:4)
  A water moccasin skeleton (D:4)
  A centaur zombie (D:5)
  A bullfrog skeleton (D:5)
  3 hounds
  2 orc priests (D:3)
  2 iguanas (D:4)
  An orc wizard (D:3)
  7 gnolls (D:5)
  3 adders
  A worm (D:2)
  A dart slug (D:4)
  10 orcs
  9 ball pythons
  5 endoplasms
  3 giant cockroaches
  3 goblins
  10 hobgoblins
  6 kobolds
  4 quokkas
  6 bats
  2 frilled lizards (D:1)
  4 rats
92 creatures vanquished.

Notes
Turn   | Place    | Note
-------+----------+-------------------------------------------
     0 | D:1      | Malachi the Demonspawn Berserker began the quest for the
                  | Orb.
     0 | D:1      | Reached XP level 1. HP: 18/18 MP: 1/1
   176 | D:1      | Gained mutation: You are surrounded by a mild repulsion
                  | field. (EV +2) [demonic ancestry]
   176 | D:1      | Reached XP level 2. HP: 17/24 MP: 2/2
   179 | D:1      | Reached skill level 3 in Maces & Flails
   342 | D:1      | Found Jeacloeh's Jewellery Shoppe.
   736 | D:1      | Found a faded altar of an unknown god.
  1253 | D:2      | Gained mutation: You regenerate a little health from kills.
                  | [demonic ancestry]
  1253 | D:2      | Reached XP level 3. HP: 22/29 MP: 3/3
  1596 | D:3      | Reached ** piety under Trog
  2230 | D:3      | Reached skill level 1 in Stealth
  2230 | D:3      | Gained mutation: You are partially covered in sharp spines.
                  | [demonic ancestry]
  2230 | D:3      | Reached XP level 4. HP: 25/36 MP: 4/4
  2543 | D:3      | Reached XP level 5. HP: 27/42 MP: 5/5
  2900 | D:4      | Found a staircase to the Ecumenical Temple.
  2914 | D:4      | Gained mutation: Potions are less effective at restoring
                  | your health. [potion of mutation]
  2914 | D:4      | Gained mutation: You evolve. [potion of mutation]
  2914 | D:4      | Gained mutation: You have sharp fingernails. [potion of
                  | mutation]
  2959 | D:4      | Found a snail-covered altar of Cheibriados.
  2989 | D:4      | Reached skill level 4 in Maces & Flails
  3172 | D:4      | Gained mutation: You have sharp toenails. [demonic
                  | ancestry]
  3172 | D:4      | Reached XP level 6. HP: 39/48 MP: 6/6
  3325 | D:4      | Gained mutation: You are surrounded by a moderate repulsion
                  | field. (EV +3) [demonic ancestry]
  3325 | D:4      | Reached XP level 7. HP: 50/55 MP: 7/7
  3422 | D:4      | Reached skill level 5 in Maces & Flails
  3424 | D:4      | Found an iron altar of Okawaru.
  3526 | D:4      | Gained mutation: You have an increased reservoir of magic.
                  | (+10% MP) [evolution]
  4031 | D:5      | Entered Level 5 of the Dungeon
  4051 | D:5      | Found a broken altar of Ashenzari.
  4626 | D:5      | Gained mutation: You regenerate health from kills. [demonic
                  | ancestry]
  4626 | D:5      | Reached XP level 8. HP: 61/61 MP: 8/8
  4634 | D:5      | Slain by a gnoll sergeant

Illustrated notes

Levels and vault maps discovered:
D:1:      scummos_arrival_gate, layout_rooms, serial_shops, shop, serial_rivers,
          chequers_serial_rivers_micro_d, chequers_serial_rivers_small_a,
          chequers_serial_rivers_small_b, chequers_serial_rivers_room_a,
          chequers_serial_rivers_micro_e,
          hellmonk_ecumenical_altar_inner_sanctum
D:2:      layout_basic, uniq_terence
D:3:      layout_loops_ring, nrook_mini_vaults, st_stairs_2,
          kennysheep_orc_chapel
D:4:      layout_basic, kennysheep_okawaru_gauntlet,
          mainiacjoe_overflow_boulevard, minmay_temple_entry_sparse_star
D:5:      layout_gridville, cheibrodos_ashenzari_chains, zin_academy

Skill      XL: |  1  2  3  4  5  6  7 |
---------------+----------------------+-----
Maces & Flails | 3 4 5 |  5.8
Dodging        | 2 3 |  3.6
Stealth        | 1 2 |  2.0
Armour         | 2 3 4 |  4.3
Fighting       | 4 |  4.8
Throwing       | |  0.7

Action                   |  1- 3 |  4- 6 |  7- 9 || total
-------------------------+-------+-------+-------++-------
Melee: Mace              |   125 |    14 |       ||   139
       Flail             |       |    46 |    58 ||   104
       Kick              |       |     4 |    13 ||    17
Throw: Stone             |       |       |    12 ||    12
Invok: Berserk           |     4 |     1 |     4 ||     9
       Trog's Hand       |       |       |     1 ||     1
  Use: Scroll            |     3 |     3 |     4 ||    10
       Potion            |       |     1 |     1 ||     2
 Stab: Sleeping          |     2 |       |       ||     2
Armor: Animal skin       |    30 |       |       ||    30
       Ring mail         |     3 |    15 |    14 ||    32
Dodge: Dodged            |   119 |    38 |    89 ||   246
